Map: Blueshift LE

Players

Serral - Winner!

  • Race: Zerg Zerg
  • Spawn Location: 1:00

Scarlett

  • Race: Zerg Zerg
  • Spawn Location: 7:00

Event: WCS Montreal 2018

VOD

Have the link to the VOD?

Description

Time

  • Played on: Sept. 9, 2018, 10:15 a.m.
  • Length: 15:53

All games in this series

Show
View Real Time Build Order
Export as new Build Order

Serral Zerg - Winner!

Build Orders: Hatch First 

Get SALT Encoding   

  12  0:00  Drone  
  13  0:13  Overlord  
  13  0:17  Drone  
  14  0:31  Drone x2  
  16  0:48  Hatchery  
  15  0:52  Drone  
  15  0:55  Drone  
  17  1:08  Spawning Pool  
  17  1:10  Extractor  
  15  1:13  Drone  
  15  1:17  Drone  
  17  1:20  Drone  
  18  1:29  Drone  
  19  1:42  Overlord  
  19  1:53  Drone  
  20  1:56  Queen  
  20  2:00  Queen  
  24  2:03  Drone x2  
  26  2:10  Metabolic Boost  
  26  2:12  Drone  
  26  2:13  Drone  
  28  2:22  Zergling x4  
  30  2:37  Drone  
  30  2:39  Hatchery, Zergling x2  
  31  2:46  Baneling Nest  
  31  2:49  Overlord  
  30  2:53  Drone  
  30  2:54  Drone  
  30  2:58  Drone  
  33  3:04  Drone x2  
  35  3:07  Zergling x2  
  35  3:08  Zergling x2  
  35  3:11  Drone  
  35  3:12  Zergling x2  
  39  3:16  Overlord  
  39  3:19  Drone  
  40  3:24  Drone x2  
  42  3:29  Baneling  
  42  3:30  Baneling  
  42  3:32  Drone x2  
  44  3:36  Queen  
  44  3:39  Drone x2  
  48  3:46  Evolution Chamber  
  48  3:48  Overlord  
  46  3:51  Zergling x2  
  46  3:52  Zergling x4  
  51  3:55  Drone x2  
  51  4:02  Overlord, Drone  
  51  4:03  Drone  
  51  4:05  Drone  
  53  4:11  Drone x2  
  53  4:14  Zerg Missile Weapons Level 1, Drone x2  
  57  4:17  Overlord  
  57  4:21  Zergling x2  
  57  4:22  Drone x2  
  59  4:27  Extractor  
  59  4:28  Extractor, Lair  
  59  4:30  Drone  
  58  4:32  Drone x2  
  58  4:35  Drone  
  58  4:36  Drone  
  58  4:38  Drone  
  63  4:47  Overlord  
  63  4:48  Drone x2  
  63  4:49  Drone, Roach Warren  
  63  4:50  Drone  
  65  4:53  Overlord  
  65  4:55  Overlord  
  65  4:58  Zergling x2  
  66  5:01  Drone x2  
  66  5:03  Drone x2  
  66  5:05  Overlord  
  66  5:06  Extractor  
  69  5:07  Extractor  
  69  5:10  Zergling x4  
  70  5:14  Baneling  
  70  5:19  Drone  
  70  5:20  Overlord, Drone x2  
  70  5:21  Overlord  
  73  5:28  Glial Reconstitution  
  73  5:32  Overlord  
  72  5:44  Drone  
  73  5:56  Hatchery, Roach x7  
  73  5:57  Roach x7  
  98  6:06  Roach x4  
  98  6:10  Roach x2  
  109  6:15  Roach  
  109  6:19  Roach x2  
  109  6:20  Roach x3  
  109  6:24  Roach  
  109  6:25  Roach x2  
  124  6:30  Overlord  
  124  6:31  Unknown  
  124  6:33  Roach x3  
  129  6:41  Overlord x2  
  129  6:49  Roach x4  
  129  6:50  Overlord  
  129  6:52  Overlord  
  129  6:53  Overlord  
  137  7:02  Roach  
  137  7:03  Roach x5  
  137  7:08  Zerg Missile Weapons Level 2  
  149  7:10  Roach x3  
  147  7:18  Roach  
  147  7:19  Roach x6  
  161  7:23  Ravager x3  
  161  7:27  Ravager  
  161  7:28  Ravager  
  163  7:32  Roach x6  
  163  7:35  Overlord  
  175  7:38  Overlord  
  173  7:44  Ravager x2  
  169  7:52  Roach x5  
  169  7:57  Roach x5  
  177  7:59  Drone  
  177  8:02  Drone  
  179  8:11  Roach  
  179  8:12  Roach x5  
  191  8:13  Overlord  
  191  8:23  Hydralisk Den  
  191  8:24  Extractor  
  178  8:28  Roach x7  
  178  8:31  Roach  
  178  8:32  Roach  
  169  8:34  Roach  
  169  8:39  Roach x2  
  169  8:40  Roach  
  156  8:43  Drone x2  
  156  8:45  Roach  
  156  8:46  Roach  
  142  8:53  Hydralisk x2  
  142  8:55  Hydralisk  
  137  8:58  Hydralisk  
  124  9:04  Spore Crawler  
  124  9:05  Spore Crawler  
  124  9:06  Spore Crawler  
  124  9:07  Hydralisk  
  124  9:09  Spore Crawler  
  114  9:10  Grooved Spines  
  114  9:14  Spore Crawler, Hydralisk  
  115  9:18  Hydralisk  
  115  9:21  Hydralisk  
  115  9:22  Hydralisk  
  121  9:26  Roach  
  121  9:27  Hydralisk  
  122  9:33  Hydralisk x3  
  122  9:38  Hydralisk  
  123  9:43  Hydralisk  
  125  9:47  Drone x6  
  131  10:04  Drone  
  131  10:06  Drone x3  
  135  10:08  Overlord x2  
  135  10:10  Hydralisk x3  
  141  10:14  Ravager x2  
  141  10:20  Roach x4  
  151  10:22  Muscular Augments  
  151  10:24  Roach x3  
  151  10:27  Roach  
  155  10:33  Roach  
  155  10:34  Roach x3  
  163  10:40  Roach x3  
  167  10:45  Queen  
  167  10:46  Drone x3  
  167  10:48  Overseer  
  167  10:49  Unknown x2  
  172  10:51  Unknown x2, Roach x2  
  172  10:55  Roach x2  
  180  11:03  Roach x2  
  184  11:05  Overlord  
  184  11:06  Overlord  
  184  11:09  Overlord  
  183  11:16  Roach  
  177  11:26  Roach  
  177  11:27  Roach x10  
  199  11:47  Roach x2  
  199  11:53  Ravager x2  
  197  11:54  Roach  
  197  11:55  Ravager  
  197  12:01  Roach x4  
  200  12:06  Ravager  
  197  12:10  Roach x4  
  197  12:14  Roach x4  
  199  12:20  Roach  
  199  12:23  Burrow  
  199  12:32  Roach  
  197  12:39  Roach  
  197  13:01  Unknown  
  197  13:09  Roach Warren  
  197  13:11  Hydralisk x3  
  188  13:24  Hydralisk x8  
  190  13:33  Roach Warren  
  185  13:38  Extractor x2  
  185  13:39  Roach x29  
  183  13:44  Overlord x2  
  183  13:46  Queen, Roach x29  
  183  13:47  Queen  
  187  13:50  Roach x2  
  173  14:14  Roach x19  
  173  14:15  Queen, Roach x7  
  177  14:22  Queen  
  177  14:23  Tunneling Claws  
  181  14:27  Roach x3  
  181  14:29  Roach x2  
  181  14:30  Hatchery  
  184  14:36  Overlord x3  
  184  14:38  Roach  
  180  14:50  Unknown  
  180  14:51  Roach x3  
  186  14:55  Ravager  
  186  14:56  Ravager x2  
  186  14:57  Ravager  
  186  14:58  Queen  
  186  14:59  Roach x4  
  195  15:00  Roach x22  
  195  15:04  Overseer  
  189  15:08  Roach x5  
  197  15:15  Roach  
  195  15:28  Roach x2  
Show
View Real Time Build Order
Export as new Build Order

Scarlett Zerg 

Build Orders: Hatch First 

Get SALT Encoding   

  12  0:00  Drone  
  13  0:12  Overlord  
  13  0:16  Drone  
  14  0:30  Drone x2  
  16  0:47  Hatchery  
  15  0:50  Drone  
  15  0:54  Drone  
  17  0:57  Drone  
  18  1:05  Extractor  
  17  1:12  Spawning Pool  
  17  1:15  Drone  
  17  1:19  Drone  
  18  1:28  Drone  
  19  1:38  Drone  
  20  1:49  Overlord  
  20  1:59  Queen x2  
  20  2:00  Zergling x2  
  20  2:01  Zergling x2  
  26  2:06  Metabolic Boost  
  26  2:10  Drone  
  26  2:11  Drone  
  28  2:20  Drone  
  28  2:21  Drone  
  30  2:34  Hatchery  
  29  2:40  Queen  
  31  2:45  Overlord  
  31  2:53  Baneling Nest, Drone  
  31  2:55  Drone  
  31  2:58  Zergling x2  
  33  3:02  Drone  
  34  3:06  Drone x2  
  34  3:11  Drone  
  34  3:12  Drone  
  38  3:15  Overlord  
  38  3:35  Drone x5  
  38  3:39  Drone x4  
  47  3:44  Baneling x2  
  47  3:46  Zergling x2  
  48  3:49  Zergling x8  
  52  3:58  Queen  
  52  4:04  Drone x4  
  52  4:08  Extractor  
  55  4:11  Drone x3  
  55  4:15  Baneling x2  
  58  4:20  Overlord x2  
  58  4:22  Roach Warren  
  58  4:23  Evolution Chamber  
  56  4:24  Drone x2  
  58  4:39  Drone x10  
  58  4:45  Drone x2  
  70  4:52  Zerg Missile Weapons Level 1, Lair  
  70  4:56  Drone x4  
  70  4:59  Overlord  
  74  5:05  Overlord x2  
  73  5:08  Extractor  
  73  5:09  Extractor  
  73  5:10  Extractor  
  70  5:14  Drone x3  
  70  5:18  Overlord  
  70  5:21  Drone x6  
  79  5:26  Overlord, Drone x2  
  79  5:27  Drone  
  82  5:31  Extractor  
  81  5:36  Hatchery  
  81  5:37  Overlord x2  
  81  5:40  Zergling x2  
  81  5:41  Roach  
  84  5:42  Roach  
  84  5:43  Roach  
  84  5:46  Roach x2  
  89  5:51  Roach x2  
  89  5:55  Glial Reconstitution  
  93  5:59  Roach x4  
  93  6:01  Overseer  
  99  6:10  Spire  
  98  6:12  Roach x4  
  106  6:19  Overlord x2, Roach x3  
  111  6:26  Roach x3  
  116  6:35  Roach x6  
  128  6:41  Overlord x2  
  128  6:44  Roach  
  128  6:46  Overlord x2  
  130  6:49  Roach  
  133  6:54  Ravager x2  
  133  6:55  Roach x4  
  133  6:56  Ravager x3  
  133  6:59  Roach  
  147  7:03  Roach x3  
  151  7:12  Roach x4  
  156  7:18  Roach x2  
  160  7:23  Drone  
  160  7:24  Overlord  
  160  7:26  Mutalisk  
  160  7:27  Mutalisk  
  165  7:30  Mutalisk  
  165  7:31  Overlord x2  
  167  7:37  Hatchery  
  167  7:40  Mutalisk  
  167  7:41  Zergling x10  
  173  7:50  Mutalisk x2  
  173  7:51  Zergling x2  
  166  7:58  Mutalisk  
  150  7:59  Zergling x8  
  150  8:03  Mutalisk  
  150  8:04  Zergling x8  
  162  8:09  Mutalisk  
  164  8:14  Extractor  
  164  8:20  Roach x6  
  150  8:27  Roach x2  
  150  8:31  Roach  
  150  8:32  Roach x3  
  150  8:33  Roach  
  150  8:34  Roach x2  
  149  8:37  Queen  
  123  8:42  Roach x3  
  111  8:50  Roach  
  111  8:51  Roach  
  111  8:54  Hatchery  
  102  9:03  Roach x4  
  109  9:16  Hatchery, Zerg Missile Weapons Level 2  
  107  9:20  Roach  
  107  9:21  Roach  
  111  9:28  Roach x2  
  109  9:47  Drone x7  
  109  9:52  Drone x4  
  120  9:55  Queen  
  122  10:01  Roach  
  122  10:05  Ravager  
  122  10:06  Ravager x7  
  132  10:13  Drone x3  
  135  10:19  Roach x2  
  139  10:27  Roach x4  
  147  10:31  Overlord  
  147  10:33  Drone x2  
  147  10:34  Drone  
  148  10:38  Drone x3  
  148  10:41  Drone x3  
  153  10:44  Roach  
  153  10:45  Ravager  
  153  10:46  Ravager x2  
  158  10:50  Roach x2  
  158  10:55  Roach x3  
  162  10:59  Roach x2  
  166  11:05  Roach x4  
  166  11:10  Drone x2  
  173  11:15  Drone  
  173  11:16  Drone x5  
  176  11:24  Roach x3  
  180  11:34  Ravager x6  
  180  11:35  Roach  
  188  11:42  Roach x6  
  196  11:55  Roach x2  
  196  12:02  Roach x2  
  196  12:07  Roach x3  
  186  12:21  Unknown, Roach x2  
  186  12:22  Roach x2  
  194  12:26  Overlord x2  
  194  12:29  Overlord  
  194  12:37  Hatchery  
  186  12:56  Roach  
  186  12:57  Roach x5  
  191  13:12  Roach x2  
  180  13:30  Roach x4  
  178  13:37  Ravager x2  
  178  13:38  Ravager x13  
  193  13:44  Roach x2  
  195  13:57  Roach x2  
  166  14:11  Roach x2  
  159  14:18  Roach x8  
  159  14:22  Overseer  
  174  14:33  Ravager x2  
  174  14:34  Roach x2  
  161  14:54  Roach x4  
  165  15:05  Roach  
  165  15:06  Roach x4  
  161  15:07  Overseer  
  156  15:16  Roach  
Tags
 
Add a new tag
Caveats
  • Supply blocks, unpowered buildings, or Contaminate may cause inaccurate times.
  • Supply counts are checked every 10 seconds.